 Dungeon Crawl Stone Soup version bcrawl-1.38.3 (webtiles) character file.

Game seed: 10141840855823709963

132424 magaron the Covered (level 4, -1/40 HPs)
             Began as a Hill Orc Fighter on Oct 19, 2021.
             Was an Initiate of Qazlal.
             Succumbed to a kobold's poison
             ... on level 3 of the Dungeon on June 26, 2023.
             The game lasted 00:03:53 (1944 turns).

magaron the Covered (Hill Orc Fighter)              Turns: 1944, Time: 00:03:54

Health: -1/40      AC:  7    Str: 18    XL:     4   Next: 63%
Magic:  4/4        EV:  5    Int:  8    God:    Qazlal [......]
Gold:   32         SH: 10    Dex: 11    Spells: 3/3 levels left

rFire    . . .     GDR:     27% a - +0 long sword
rCold    . . .     SeeInvis .   c - +0 medium shield
rNeg     . . .     Gourm    .   b - +0 scale mail
rPois    .         Faith    .   (no helmet)
rElec    .         Spirit   .   (no cloak)
rCorr    .         Reflect  .   (no gloves)
MR       .....                  (no boots)
Stlth    ..........             (no amulet)
HPRegen  0.16/turn              (no ring)
MPRegen  0.09/turn              (no ring)

@: lethally poisoned (-1 -> -21)
A: no striking features
a: Renounce Religion


You were on level 3 of the Dungeon.
You worshipped Qazlal.
Qazlal was noncommittal.
You were hungry.

You visited 1 branch of the dungeon, and saw 3 of its levels.

You collected 32 gold pieces.

Inventory:

Hand Weapons
 a - a +0 long sword (weapon)
 p - a +3 rapier
Armour
 b - a +0 scale mail (worn)
 c - a +0 medium shield (worn)
 o - a +0 hat
 u - a +0 helmet
Scrolls
 g - 4 scrolls of teleportation {unknown}
 h - 2 scrolls of fog {unknown}
 i - a scroll of identify
 k - 2 scrolls of enchant armour {unknown}
 n - a scroll of fear {unknown}
 r - 3 scrolls of remove curse {unknown}
 s - a scroll of amnesia {unknown}
Potions
 d - 2 potions of might
 f - 4 potions of haste {unknown}
 j - a potion of mutation {unknown}
 l - a potion of lignification {unknown}
 m - 2 potions of heal wounds {unknown}
 t - a potion of brilliance {unknown}
Comestibles
 e - 4 rations {!d}


   Skills:
 * Level 4.0 Fighting
   Level 4.0 Short Blades
   Level 4.0 Long Blades
   Level 4.0 Axes
   Level 4.0 Maces & Flails
   Level 4.0 Polearms
   Level 4.0 Staves
 + Level 4.0 Armour
 + Level 0.3 Dodging
 + Level 4.0 Shields
   Level 4.0 Unarmed Combat


You had 3 spell levels left.
You didn't know any spells.
Your spell library was empty.

Dungeon Overview and Level Annotations

Branches:
Dungeon (3/12)

Altars:
Qazlal
Zin


Message History

* * * LOW HITPOINT WARNING * * *
You feel very sick.
The leopard gecko bites you but does no damage.
You block the frilled lizard's attack.
The kobold shoots a poisoned needle.
You block the poisoned needle. The leopard gecko bites you.
* * * LOW HITPOINT WARNING * * *
Your Shields skill increases to level 4!
Your scale mail prevents you from hitting the frilled lizard.
* * * LOW HITPOINT WARNING * * *
You feel very sick. You block the frilled lizard's attack.
You block the leopard gecko's attack.
The frilled lizard bites you but does no damage.
You slash the frilled lizard!
You kill the frilled lizard!
Qazlal accepts your kill.
* * * LOW HITPOINT WARNING * * *
You feel sick. You block the leopard gecko's attack.
The kobold unwields a +0 blowgun.
The kobold hits you.
* * * LOW HITPOINT WARNING * * *
You die...

# #. . # #.
.#
##.####.##.##
#..)l#.......
#..†<@.......
#..K.#..#..#.
#....#..#
#.......#
......#...
.......##.##
######### ..
##


You could see a leopard gecko and a kobold.

Vanquished Creatures
  An adder (D:3)
  A gnoll (D:3)
  An ooze (D:1)
  5 worms (D:2)
  4 dart slugs
  2 leopard geckos
  An orc (D:2)
  2 bats
  11 hobgoblins
  3 jackals (D:2)
  2 quokkas (D:2)
  5 frilled lizards
  3 goblins
  A kobold (D:1)
  6 rats
48 creatures vanquished.

Notes
Turn   | Place    | Note
-------+----------+-------------------------------------------
     0 | D:1      | magaron the Hill Orc Fighter began the quest for the Orb.
     0 | D:1      | Reached XP level 1. HP: 19/19 MP: 1/1
    69 | D:1      | Upgraded the game from bcrawl-1.34.3 to bcrawl-1.38.3
   237 | D:1      | Reached XP level 2. HP: 26/26 MP: 2/2
   942 | D:2      | Reached XP level 3. HP: 27/33 MP: 3/3
  1413 | D:2      | Reached XP level 4. HP: 37/40 MP: 4/4
  1455 | D:2      | Found a stormy altar of Qazlal.
  1467 | D:2      | Became a worshipper of Qazlal Stormbringer
  1713 | D:2      | Found a glowing silver altar of Zin.
  1943 | D:3      | HP: 1/40 [kobold (2)]
  1944 | D:3      | Succumbed to a kobold's poison

Skill      XL: |  1  2  3  4 |
---------------+-------------+-----
Armour         | 4 |  4.0
Fighting       | 4 |  4.0
Shields        | 4 |  4.0
Short Blades   | |  4.0
Long Blades    | |  4.0
Axes           | |  4.0
Maces & Flails | |  4.0
Polearms       | |  4.0
Staves         | |  4.0
Dodging        | |  0.3
Unarmed Combat | |  4.0

Action                   |  1- 3 |  4- 6 || total
-------------------------+-------+-------++-------
Melee: Long sword        |   105 |    48 ||   153
       Rapier            |    16 |       ||    16
  Use: Scroll            |     1 |       ||     1
  Eat: Chunk             |     5 |     3 ||     8
Armor: Scale mail        |    41 |    20 ||    61
Dodge: Dodged            |    19 |     8 ||    27
Block: Medium shield     |    51 |    34 ||    85
